 Seeded DCSS version 0.29.1-15-g9cfb28693d (webtiles) character file.

Game seed: 1 (custom seed)

88417 Kazon the Victor of a Thousand Battles (level 15, -8/172 HPs)
             Began as a Demonspawn Fighter on Mar 17, 2023.
             Was the Champion of Okawaru.
             Mangled by a wolf spider (11 damage)
             ... summoned by a broodmother
             ... on level 2 of the Spider Nest on Mar 20, 2023.
             The game lasted 01:51:25 (17990 turns).

Kazon the Victor of a Thousand Battles (DsFi)      Turns: 17990, Time: 01:51:26

Health: -8/172     AC: 28    Str: 20    XL:     15   Next: 46%
Magic:  24/24      EV:  3    Int:  5    God:    Okawaru [******]
Gold:   676        SH: 29    Dex: 26    Spells: 14/14 levels left

rFire   + + +      SeeInvis +   f - +4 Maxwell's thermic engine {flame, freeze}
rCold   . . .      Faith    .   c - +10 tower shield of Unambiguity {rPois Will+ Int-5 Slay+4}
rNeg    + + .      Spirit   .   o - +1 crystal plate armour "Mitimywn" {Will++}
rPois   +          Reflect  .   k - +0 helmet
rElec   +          Harm     .   V - +0 cloak "Koluqout" {+Blink Will+++ Int-4}
rCorr   .          Rampage  .   (no gloves)
Will    +++++      Clarity  +   L - +0 pair of boots of Oskue {rElec rN++ Will- Int+4}
Stlth   ..........              U - amulet "Odemouw" {Contam rPois rF+++ Regen+ Stlth+}
HPRegen 1.18/turn               (no ring)
MPRegen 0.19/turn               A - +6 ring of dexterity

@: berserking (expiring), very quick
A: claws 2, yellow scales 2, powered by death 2, spiny 2, see invisible, agile
1, clarity, strong 1
a: Renounce Religion, Evoke Blink, Heroism, Finesse, Duel


You were on level 2 of the Spider Nest.
You worshipped Okawaru.
Okawaru was exalted by your worship.
You visited 4 branches of the dungeon, and saw 21 of its levels.

You collected 1636 gold pieces.
You spent 960 gold pieces at shops.

Inventory:

Hand Weapons
 f - the +4 Maxwell's thermic engine (weapon) {flame, freeze}
   (You found it on level 1 of the Lair of Beasts)

   It burns those it strikes, dealing additional fire damage.
   Big, fiery blades are also staple armaments of hydra-hunters.
   It freezes those it strikes, dealing additional cold damage.
   It can also slow down cold-blooded creatures.
   It becomes more effective when it hits something.
   This effect fades over time.
 s - the +3 falchion of Winter {venom, rCorr}
   (You bought it in a shop on level 3 of the Dungeon)

   It poisons the flesh of those it strikes.
   rCorr:     It protects you from acid and corrosion.
Missiles
 e - 5 datura-tipped darts
 x - 18 boomerangs
 y - 5 atropa-tipped darts
 I - 27 poisoned darts (quivered)
 J - 5 curare-tipped darts
 O - 3 silver javelins
 P - 3 javelins
Armour
 c - the +10 tower shield of Unambiguity (worn) {rPois Will+ Int-5 Slay+4}
   (Okawaru gifted it to you on level 12 of the Dungeon)

   Int:       It affects your intelligence (-5).
   Slay:      It affects your accuracy & damage with ranged weapons and melee
   (+4).
   rPois:     It protects you from poison.
   Will:      It increases your willpower.
 j - a scarf of resistance
 k - a +0 helmet (worn)
 o - the +1 crystal plate armour "Mitimywn" (worn) {Will++}
   (You acquired it on level 1 of the Dungeon)

   Will:      It greatly increases your willpower.
 L - the +0 pair of boots of Oskue (worn) {rElec rN++ Will- Int+4}
   (Okawaru gifted it to you on level 13 of the Dungeon)

   Int:       It affects your intelligence (+4).
   rElec:     It insulates you from electricity.
   rN:        It greatly protects you from negative energy.
   Will:      It decreases your willpower.
 V - the +0 cloak "Koluqout" (worn) {+Blink Will+++ Int-4}
   (Okawaru gifted it to you on level 5 of the Lair of Beasts)

   Int:       It affects your intelligence (-4).
   +Blink:    It lets you blink.
   Will:      It greatly increases your willpower.
Jewellery
 A - a +6 ring of dexterity (right claw)
 E - a ring of protection from cold
 M - a ring of protection from cold
 U - the amulet "Odemouw" (around neck) {Contam rPois rF+++ Regen+ Stlth+}
   (You bought it in a shop on level 8 of the Dungeon)

   [amulet of regeneration]

   rF:        It renders you almost immune to fire.
   rPois:     It protects you from poison.
   Contam:    It causes magical contamination when unequipped.
   Regen:     It increases your rate of health regeneration.
   Stlth:     It makes you more stealthy.
Wands
 B - a wand of mindburst (23)
 C - a wand of flame (30)
 F - a wand of paralysis (12)
 K - a wand of roots (11)
 R - a wand of polymorph (11)
Scrolls
 i - a scroll of identify
 m - a scroll of amnesia
 n - 4 scrolls of immolation
 p - 3 scrolls of poison {unknown}
 q - 4 scrolls of fog
 t - 6 scrolls of teleportation
 v - 2 scrolls of magic mapping
 H - 3 scrolls of fear
 S - 2 scrolls of silence
Potions
 a - a potion of ambrosia
 b - 3 potions of berserk rage
 d - 4 potions of might
 g - 3 potions of flight
 l - 4 potions of haste
 u - 10 potions of lignification
 w - a potion of heal wounds
 z - a potion of invisibility
 D - 3 potions of cancellation
 G - 4 potions of curing
Miscellaneous
 h - a condenser vane
 Q - a lightning rod (4/4)
 T - a phial of floods


   Skills:
 * Level 9.7 Fighting
 + Level 4.3(8.7) Short Blades
 + Level 11.7(12.1) Long Blades
 + Level 4.3 Ranged Weapons
 + Level 8.7 Throwing
 + Level 9.3 Armour
 + Level 5.0 Dodging
 + Level 3.2 Stealth
 + Level 10.0 Shields
 * Level 12.8 Invocations
 * Level 10.3 Evocations


You had 14 spell levels left.
You didn't know any spells.
Your spell library contained the following spells:

 Spells                   Type           Power      Damage    Failure   Level
 Apportation              Tloc           0%         N/A       100%        1
 Magic Dart               Conj           0%         1d3       100%        1
 Necrotise                Necr           0%         1d4       100%        1
 Sting                    Tmut/Pois      0%         1d3       100%        1
 Poisonous Vapours        Pois/Air       0%         N/A       100%        2
 Mephitic Cloud           Conj/Pois/Air  0%         N/A       100%        3
 Ozocubu's Armour         Ice            0%         N/A       100%        3
 Olgreb's Toxic Radiance  Pois           0%         N/A       100%        4
 Blade Hands              Tmut           0%         N/A       100%        5
 Fireball                 Conj/Fire      0%         3d3       100%        5
 Iskenderun's Battlesphe  Conj           0%         2d6       100%        5
 Metabolic Englaciation   Hex/Ice        0%         N/A       100%        5
 Conjure Ball Lightning   Conj/Air       0%         3x3d6     100%        6
 Iron Shot                Conj/Erth      0%         9d1       100%        6
 Orb of Destruction       Conj           0%         9d5       100%        7
 Ozocubu's Refrigeration  Ice            0%         4d7       100%        7
 Summon Small Mammal      Summ           Unusable   N/A       N/A         1
 Call Imp                 Summ           Unusable   N/A       N/A         2
 Animate Armour           Summ/Erth      Unusable   N/A       N/A         4
 Simulacrum               Ice/Necr       Unusable   N/A       N/A         6

Dungeon Overview and Level Annotations

Branches:
Dungeon (13/15)            Temple (1/1) D:7            Lair (5/5) D:10
 Shoals (0/4) Lair:3       Spider (2/4) Lair:3        Slime (0/5) Lair:4
    Orc (0/2) D:12         Vaults (0/5) D:13

Altars:
Ashenzari
Dithmenos
Gozag
Hepliaklqana
Kikubaaqudgha
Makhleb
Nemelex Xobeh
Okawaru
Uskayaw
Xom
Jiyva

Shops:
D:3 (   D:8 ?(==   D:10 :   D:13 !


Innate Abilities, Weirdness & Mutations

You have very sharp fingernails.
You are mostly covered in yellow scales. (AC +3)
You regenerate health from kills.
You are mostly covered in sharp spines.
You have supernaturally acute eyesight. (SInv)
You are agile. (Dex +4, Str/Int -1)
You possess an exceptional clarity of mind.
Your muscles are strong. (Str +4, Int/Dex -1)


Message History

The jumping spider is healed somewhat.
It was a potion of berserk rage.
A red film seems to cover your vision as you go berserk!
You feel yourself moving faster!
You feel mighty!
The wolf spider is struck by your spines.
The wolf spider hits you.
* * * LOW HITPOINT WARNING * * *
The wolf spider bites you but does no damage.
The tarantella touches you but does no damage.
The jumping spider leaps!
The broodmother is struck by your spines.
The broodmother bites you.
* * * LOW HITPOINT WARNING * * *
A spider bursts forth from the wound!
The wolf spider hits you!
* * * LOW HITPOINT WARNING * * *
The wolf spider bites you but does no damage.
The wolf spider is struck by your spines.
The wolf spider hits you but does no damage.
The wolf spider bites you but does no damage.
The tarantella touches you but does no damage.
The web tears apart.
You feel a strong urge to attack something.
The jumping spider leaps! x2; The tarantella is healed somewhat.
You block the wolf spider's attack. x2; The broodmother barely misses you.
Unknown command.
You slash the broodmother! You burn the broodmother.
You freeze the broodmother.
The broodmother is almost dead.
You block the tarantella's attack. You block the wolf spider's attack.
The wolf spider bites you but does no damage.
The wolf spider hits you.
* * * LOW HITPOINT WARNING * * *
You block the wolf spider's attack.
The culicivora bites you but does no damage.
You block the broodmother's attack.
The tarantella touches you but does no damage.
You block the culicivora's attack.
The wolf spider is struck by your spines.
The wolf spider hits you!
You die...

..(.......##
......(....
..........#
...(....^.##
.......s...#
...........##
......†ss...###
...°..s@s...†.###
.......ss.......#
...).........##.##
...[......s..##..#
#......^....##..##
#...s.........^##
##..........#########
##.........# #...####
##........# #.......


You could see a broodmother, 2 wolf spiders, an orb spider (summoned), 2
culicivoras, 2 jumping spiders and a tarantella (summoned).

Vanquished Creatures
  Rupert (D:12)
  An emperor scorpion (Spider:1)
  A ghost moth (Spider:1)
  A broodmother (Spider:1)
  Nessos (D:12)
  Azrael (D:13)
  An entropy weaver (Spider:1)
  A fire dragon (D:13)
  A boulder beetle (Spider:1)
  Fannar (Lair:2)
  2 hydras (D:13)
  Erolcha (D:10)
  4 catoblepae
  A vault guard (D:13)
  3 two-headed ogres
  10 death yaks
  3 centaur warriors (D:13)
  4 skeletal warriors (D:13)
  A fire crab (D:13)
  A sun moth (Spider:1)
  Lodul (D:12)
  2 steelbarb worms (Spider:1)
  3 orb spiders
  5 spectral wolf spiders (Spider:1)
  6 wolf spider zombies (Spider:1)
  8 wolf spiders
  A cyclops (D:12)
  A deep elf pyromancer (D:13)
  2 ugly things
  5 elephants (Lair:4)
  4 manticores
  5 black mambas
  11 cane toads
  2 torpor snails (Spider:1)
  Maggie (D:6)
  4 rime drakes
  2 unseen horrors
  4 kobold demonologists (D:11)
  15 komodo dragons
  5 demonic crawlers (Spider:1)
  A tengu conjurer (D:12)
  4 trolls
  Prince Ribbit (D:9)
  A meliai (shapeshifter) (D:13)
  17 blink frogs
  11 tarantellas (Spider:1)
  A polar bear (Lair:4)
  2 wolf spider simulacra (Spider:1)
  5 dream sheep (Lair:4)
  A snapping turtle (Lair:3)
  2 shadows
  8 jumping spiders (Spider:1)
  2 vampires
  2 fire elementals (D:13)
  2 wraiths (D:12)
  63 yaks
  9 culicivoras
  5 wyverns
  4 basilisks
  Eustachio (D:5)
  4 vampire mosquitoes (D:13)
  18 redbacks
  2 steam dragons
  Menkaure (D:5)
  Edmund (D:6)
  2 acid dragons
  16 water moccasins
  2 hell hounds
  5 orc warriors
  An ice beast (D:8)
  5 sky beasts
  2 black bears (D:6)
  5 centaurs
  7 ogres
  A wolf (D:10)
  2 phantoms (D:6)
  3 kobold brigands
  3 necrophages
  6 bullfrogs
  A gnoll sergeant (D:7)
  10 scorpions
  21 wights
  3 killer bees (D:10)
  3 electric eels
  A howler monkey (D:5)
  2 jellies (D:6)
  6 hounds
  7 orc priests
  A gnoll bouda (D:7)
  6 iguanas
  4 orc wizards
  4 hell rats (Lair:2)
  Robin (D:3)
  15 gnolls
  13 adders
  3 shadow imps
  2 white imps (D:7)
  An ufetubus (D:5)
  4 worms
  37 orcs
  11 endoplasms
  3 giant cockroaches
  16 goblins
  9 hobgoblins
  A jackal (D:4)
  27 kobolds
  2 quokkas
  5 ball pythons
  4 bats
  3 frilled lizards
  6 rats
587 creatures vanquished.

Vanquished Creatures (others)
  14 fungi
  26 plants
40 creatures vanquished.

Grand Total: 627 creatures vanquished

Notes
Turn   | Place    | Note
-------+----------+-------------------------------------------
     0 | D:1      | Kazon the Demonspawn Fighter began the quest for the Orb.
     0 | D:1      | Reached XP level 1. HP: 18/18 MP: 1/1
    40 | D:1      | Identified a scroll of acquirement
    40 | D:1      | Acquired the +1 crystal plate armour "Mitimywn" {Will++}
   508 | D:1      | Gained mutation: You are partially covered in sharp spines.
                  | [demonic ancestry]
   508 | D:1      | Reached XP level 2. HP: 13/24 MP: 2/2
  1398 | D:2      | Gained mutation: You regenerate a little health from kills.
                  | [demonic ancestry]
  1398 | D:2      | Reached XP level 3. HP: 29/29 MP: 3/3
  1733 | D:2      | Reached XP level 4. HP: 7/35 MP: 4/4
  2120 | D:3      | Found Umat's Antique Weapon Boutique.
  2173 | D:3      | Bought a crude falchion for 184 gold pieces
  2173 | D:3      | Identified the +3 falchion of Winter {venom, rCorr} (You
                  | bought it in a shop on level 3 of the Dungeon)
  2333 | D:3      | Noticed Robin
  2345 | D:3      | Killed Robin
  2391 | D:3      | Reached XP level 5. HP: 41/41 MP: 5/5
  2401 | D:3      | Reached skill level 1 in Throwing
  2606 | D:3      | Reached skill level 5 in Fighting
  2606 | D:3      | Reached skill level 5 in Long Blades
  2606 | D:3      | Reached skill level 5 in Armour
  2606 | D:3      | Reached skill level 5 in Shields
  2606 | D:3      | Reached XP level 6. HP: 51/51 MP: 6/6
  3154 | D:4      | Gained mutation: You have sharp fingernails. [demonic
                  | ancestry]
  3154 | D:4      | Reached XP level 7. HP: 46/57 MP: 7/7
  3364 | D:4      | Found a hazy altar of Hepliaklqana.
  3667 | D:5      | Entered Level 5 of the Dungeon
  3770 | D:5      | Noticed Menkaure
  3787 | D:5      | Killed Menkaure
  4002 | D:5      | Gained mutation: You have very sharp fingernails. [demonic
                  | ancestry]
  4002 | D:5      | Reached XP level 8. HP: 58/64 MP: 8/8
  4017 | D:5      | Reached skill level 5 in Throwing
  4516 | D:5      | Noticed Eustachio
  4521 | D:5      | Killed Eustachio
  4699 | D:6      | Noticed Edmund
  4705 | D:6      | Reached skill level 1 in Evocations
  4716 | D:6      | Killed Edmund
  4825 | D:7      | Found a hide-covered altar of Uskayaw.
  4827 | D:7      | Found a staircase to the Ecumenical Temple.
  4849 | Temple   | Entered the Ecumenical Temple
  4856 | Temple   | Became a worshipper of Warmaster Okawaru
  4898 | D:6      | Gained mutation: You are mostly covered in sharp spines.
                  | [demonic ancestry]
  4898 | D:6      | Reached XP level 9. HP: 64/69 MP: 9/9
  5045 | D:6      | Noticed Maggie
  5062 | D:6      | Killed Maggie
  5063 | D:6      | Reached skill level 1 in Invocations
  5245 | D:6      | Reached * piety under Okawaru
  5406 | D:6      | Reached skill level 2 in Invocations
  5455 | D:6      | Reached ** piety under Okawaru
  5736 | D:7      | Reached skill level 3 in Invocations
  5788 | D:7      | Gained mutation: You are partially covered in yellow
                  | scales. (AC +2) [demonic ancestry]
  5788 | D:7      | Reached XP level 10. HP: 68/77 MP: 12/12
  6332 | D:8      | Found Quzidd's Magic Scroll Emporium.
  6337 | D:8      | Bought a scroll of teleportation for 42 gold pieces
  6642 | D:8      | Found Esumer's Weapon Shop.
  6681 | D:8      | Reached *** piety under Okawaru
  6739 | D:8      | Reached skill level 4 in Invocations
  7036 | D:8      | Found Zoxtaeshakh's Jewellery Boutique.
  7099 | D:8      | Found Heidghoki's Jewellery Shop.
  7634 | D:9      | Noticed a two-headed ogre
  7648 | D:9      | Killed a two-headed ogre
  7648 | D:9      | Reached **** piety under Okawaru
  7648 | D:9      | Received a gift from Okawaru
  7818 | D:9      | Noticed Prince Ribbit
  7832 | D:9      | Killed Prince Ribbit
  7833 | D:9      | Reached skill level 1 in Stealth
  7947 | D:9      | Received a gift from Okawaru
  7997 | D:10     | Entered Level 10 of the Dungeon
  8061 | D:10     | Found a staircase to the Lair.
  8070 | D:10     | Received a gift from Okawaru
  8078 | D:10     | Gained mutation: You are mostly covered in yellow scales.
                  | (AC +3) [demonic ancestry]
  8078 | D:10     | Reached XP level 11. HP: 82/83 MP: 14/14
  8123 | D:10     | Noticed Erolcha
  8147 | D:10     | Killed Erolcha
  8148 | D:10     | Reached skill level 5 in Invocations
  8168 | D:10     | Identified the +5 long sword of the Land of Plenty {drain,
                  | Dex+3}
  8173 | D:10     | Found Juagoaq's Book Shoppe.
  8377 | D:10     | Received a gift from Okawaru
  8385 | D:10     | Reached skill level 5 in Evocations
  8781 | D:10     | Reached skill level 6 in Invocations
  9062 | D:11     | Noticed a green ugly thing
  9070 | D:11     | Killed a green ugly thing
  9098 | D:11     | Reached ***** piety under Okawaru
  9238 | D:11     | Noticed a sixfirhy
  9282 | D:11     | Noticed a sixfirhy
 10110 | D:12     | Noticed a two-headed ogre
 10117 | D:12     | Killed a two-headed ogre
 10117 | D:12     | Identified the +10 tower shield of Unambiguity {rPois Will+
                  | Int-5 Slay+4} (Okawaru gifted it to you on level 12 of the
                  | Dungeon)
 10117 | D:12     | Received a gift from Okawaru
 10118 | D:12     | Reached skill level 1 in Dodging
 10124 | D:12     | Noticed Lodul
 10126 | D:12     | Reached XP level 12. HP: 78/91 MP: 17/17
 10160 | D:12     | HP: 4/91 [Lodul/+0 great mace (15)]
 10162 | D:12     | Killed Lodul
 10163 | D:12     | Reached skill level 7 in Invocations
 10295 | D:8      | Bought the amulet "Odemouw" {Contam rPois rF+++ Regen+
                  | Stlth+} for 734 gold pieces
 10497 | Lair:1   | Entered Level 1 of the Lair of Beasts
 10614 | Lair:1   | Found the +2 Maxwell's thermic engine {flame, freeze}
 11209 | Lair:2   | Noticed Fannar
 11225 | Lair:2   | Killed Fannar
 11243 | Lair:2   | Noticed a catoblepas
 11277 | Lair:2   | Killed a catoblepas
 11381 | Lair:2   | Reached skill level 8 in Invocations
 11875 | Lair:2   | Identified the +1 bardiche "Afopt" {freeze, rC- rN+ Will+
                  | Int+4} (Okawaru gifted it to you on level 2 of the Lair of
                  | Beasts)
 11875 | Lair:2   | Received a gift from Okawaru
 12019 | Lair:3   | Found a hole to the Spider Nest.
 12212 | Lair:3   | Noticed a death yak
 12214 | Lair:3   | Noticed a death yak
 12216 | Lair:3   | Noticed a death yak
 12223 | Lair:3   | Noticed a death yak
 12226 | Lair:3   | Killed a death yak
 12227 | Lair:3   | Reached XP level 13. HP: 98/98 MP: 19/19
 12301 | Lair:3   | Found a staircase to the Shoals.
 12422 | Lair:3   | Found an ancient bone altar of Kikubaaqudgha.
 12693 | Lair:4   | Reached skill level 9 in Invocations
 12716 | Lair:4   | Received a gift from Okawaru
 12788 | Lair:4   | Gained mutation: Your mind is acute. (Int +4, Str/Dex -1)
                  | [potion of mutation]
 12788 | Lair:4   | Gained mutation: You are weak. (Str -2) [potion of
                  | mutation]
 12788 | Lair:4   | Gained mutation: Your magical capacity is low. (-10% MP)
                  | [potion of mutation]
 12864 | Lair:4   | Found a viscous altar of Jiyva.
 12864 | Lair:4   | Found a staircase to the Slime Pits.
 13114 | Lair:4   | Received a gift from Okawaru
 13174 | Lair:4   | Identified the +3 battleaxe "Adididghufym" {antimagic, rF+
                  | Will+}
 13286 | Lair:5   | Entered Level 5 of the Lair of Beasts
 13510 | Lair:5   | Reached skill level 10 in Long Blades
 13510 | Lair:5   | Reached skill level 10 in Invocations
 13758 | Lair:5   | Identified the +0 cloak "Koluqout" {+Blink Will+++ Int-4}
                  | (Okawaru gifted it to you on level 5 of the Lair of Beasts)
 13758 | Lair:5   | Received a gift from Okawaru
 13768 | Lair:5   | Reached skill level 5 in Dodging
 14351 | Lair:5   | Gained mutation: You regenerate health from kills. [demonic
                  | ancestry]
 14351 | Lair:5   | Reached XP level 14. HP: 106/106 MP: 19/19
 14791 | Spider:1 | Entered Level 1 of the Spider Nest
 14885 | Spider:1 | Reached ****** piety under Okawaru
 14886 | Spider:1 | Received a gift from Okawaru
 14887 | Spider:1 | Reached skill level 11 in Invocations
 15185 | Spider:1 | Received a gift from Okawaru
 15312 | Spider:1 | Received a gift from Okawaru
 15596 | Spider:1 | Noticed an emperor scorpion
 15606 | Spider:1 | Killed an emperor scorpion
 15640 | Spider:1 | Noticed a ghost moth
 15650 | Spider:1 | Killed a ghost moth
 15915 | Spider:1 | Reached skill level 12 in Invocations
 15920 | Spider:1 | Received a gift from Okawaru
 16060 | Spider:1 | Noticed a broodmother
 16062 | Spider:1 | Reached XP level 15. HP: 113/113 MP: 21/21
 16281 | D:12     | Noticed Nessos
 16290 | D:12     | Killed Nessos
 16290 | D:12     | Received a gift from Okawaru
 16467 | D:12     | Noticed Rupert
 16472 | D:12     | Killed Rupert
 16511 | D:12     | Lost mutation: You are weak. (Str -2) [potion of mutation]
 16511 | D:12     | Lost mutation: Your magical capacity is low. (-10% MP)
                  | [potion of mutation]
 16511 | D:12     | Lost mutation: Your mind is acute. (Int +4, Str/Dex -1)
                  | [potion of mutation]
 16511 | D:12     | Gained mutation: You have supernaturally acute eyesight.
                  | (SInv) [potion of mutation]
 16511 | D:12     | Gained mutation: You are agile. (Dex +4, Str/Int -1)
                  | [potion of mutation]
 16511 | D:12     | Gained mutation: Your muscles are strong. (Str +4, Int/Dex
                  | -1) [potion of mutation]
 16511 | D:12     | Gained mutation: You possess an exceptional clarity of
                  | mind. [potion of mutation]
 16739 | D:12     | Found a staircase to the Orcish Mines.
 16842 | D:13     | Noticed Azrael
 16857 | D:13     | Killed Azrael
 16857 | D:13     | Identified the +0 pair of boots of Oskue {rElec rN++ Will-
                  | Int+4} (Okawaru gifted it to you on level 13 of the
                  | Dungeon)
 16857 | D:13     | Received a gift from Okawaru
 17166 | D:13     | Reached skill level 10 in Evocations
 17179 | D:13     | Found a gate to the Vaults.
 17389 | D:13     | Reached skill level 10 in Shields
 17412 | D:13     | Found Ituota Roil's Distillery.
 17988 | Spider:2 | HP: 5/172 [wolf spider[a broodmother] (14)]
 17990 | Spider:2 | Mangled by a wolf spider

Illustrated notes

Levels and vault maps discovered:
D:1:      dpeg_arrival_three_smaller_balls, layout_basic
D:2:      layout_loops_ring
D:3:      layout_basic, serial_shops, nicolae_shop_stone, st_stairs_9,
          minmay_misc_feat_doors, eino_curves_03, uniq_robin
D:4:      minmay_wonky_spiral, layout_basic,
          mainiacjoe_overflow_surrounded_room, minivault_5
D:5:      layout_cave_pods, uniq_menkaure, uniq_eustachio
D:6:      cheibrodos_barr_body, layout_basic, minmay_crystal_room,
          minmay_pentangle, uniq_maggie, uniq_edmund
D:7:      layout_cave_pools, nicolae_uskayaw_murder_on_the_dancefloor,
          elyvilon_altar_4, minmay_temple_entry_purple_smoke
D:8:      layout_basic, serial_shops, shop_statue, kennysheep_little_box, shop,
          nicolae_shop_window_shopping
D:9:      layout_cave_pools, uniq_prince_ribbit1
D:10:     layout_stronghold, erik_lair_island, serial_shops,
          nicolae_shop_statue_plus, uniq_erolcha
D:11:     layout_roguey
D:12:     layout_loops_ring, orc_0_dummy, chequers_serial_rivers_marsh,
          uniq_lodul, uniq_nessos, uniq_rupert
D:13:     layout_gridville, david_vaults_5, serial_shops,
          nicolae_shop_behind_doors, minmay_fractal_squares_gapless_5,
          uniq_azrael
Temple:   nicolae_temple_bog_church
Lair:1:   layout_long_grid, fungi_pond_lemuel, cheibrodos_lair_reptile_den
Lair:2:   layout_gridlike, uniq_fannar
Lair:3:   layout_roguey, minmay_shoals_entry_hut,
          nicolae_spider_entry_non_spiders, basic_altar, serial_bayou_crossing
Lair:4:   layout_gridlike, slime_entry_1, serial_rivers,
          chequers_serial_rivers_room_a, chequers_serial_rivers_micro_c,
          chequers_serial_rivers_room_a, chequers_serial_rivers_micro_e,
          minivault_27, grunt_megastairs_3, infiniplex_staircase_pool_2
Lair:5:   evilmike_catoblepas_cave, layout_long_grid
Spider:1: layout_chambers, nicolae_spider_undead_wolf_pack
Spider:2: layout_cave_pods

Skill      XL: |  1  2  3  4  5  6  7  8  9 10 11 12 13 14 15 |
---------------+----------------------------------------------+-----
Long Blades    | 2 3 5 6 7 8 9 10 11 | 11.7
Shields        | 3 5 6 7 8 9 10 | 10.0
Armour         | 3 5 6 7 8 9 |  9.3
Throwing       | 4 5 6 7 8 |  8.7
Fighting       | 5 6 7 8 9 |  9.7
Short Blades   | 3 4 |  4.3
Ranged Weapons | 3 4 |  4.3
Evocations     | 1 3 4 5 7 8 9 10 | 10.3
Invocations    | 3 4 6 8 10 12 | 12.8
Stealth        | 1 2 3 |  3.2
Dodging        | 1 3 5 |  5.0

Action                   |  1- 3 |  4- 6 |  7- 9 | 10-12 | 13-15 || total
-------------------------+-------+-------+-------+-------+-------++-------
Melee: Long sword        |    78 |       |       |    97 |       ||   175
       Dagger            |    13 |    76 |     8 |    25 |       ||   122
       Falchion          |       |       |   248 |   498 |    40 ||   786
       Double sword      |       |       |       |    59 |   657 ||   716
 Fire: Sling             |       |     9 |     1 |    19 |       ||    29
Throw: Stone             |    11 |    22 |    15 |    73 |       ||   121
       Boomerang         |     2 |     4 |    57 |    68 |   100 ||   231
       Dart              |       |       |       |    61 |    78 ||   139
       Javelin           |       |       |       |     9 |     4 ||    13
Invok: Heroism           |       |       |       |     5 |     3 ||     8
       Finesse           |       |       |       |     2 |       ||     2
Evoke: Wand              |       |       |     5 |    27 |    14 ||    46
       Lightning rod     |       |       |       |       |     3 ||     3
  Use: Scroll            |     1 |       |     2 |    15 |     6 ||    24
       Potion            |       |     1 |     3 |     2 |     3 ||     9
 Stab: Paralysed         |       |       |       |    21 |     7 ||    28
       Petrified         |       |       |       |       |     3 ||     3
       Invisible         |       |       |       |       |     2 ||     2
Armor: Scale mail        |    15 |       |       |       |       ||    15
       Crystal plate arm |    51 |    43 |   152 |   335 |   394 ||   975
Dodge: Dodged            |    16 |    13 |    21 |    55 |    23 ||   128
Block: Buckler           |    30 |     5 |    55 |    92 |    12 ||   194
       Tower shield      |       |       |       |   207 |   936 ||  1143
